 Dungeon Crawl Stone Soup version 0.25-a0-435-g4b9beb1 (webtiles) character file.

Game seed: 9425179287365302187, levelgen mode: deterministic

171 Coldstonesans the Sneak (level 5, -8/31 HPs)
             Began as a Vampire Enchanter on Jan 29, 2020.
             Killed by divine providence
             ... invoked by an orc priest
              (12 damage)
             ... on level 2 of the Dungeon on Jan 30, 2020.
             The game lasted 00:09:24 (2547 turns).

Coldstonesans the Sneak (Vampire Enchanter)         Turns: 2547, Time: 00:09:24

Health: -8/31      AC:  4    Str:  7    XL:     5   Next: 26%
Magic:  1/8        EV: 17    Int: 18    God:
Gold:   141        SH:  0    Dex: 15    Spells: 3/9 levels left

rFire    + . .     SeeInvis +   a - +1 dagger
rCold    + . .     Gourm    .   (no shield)
rNeg     . . .     Faith    .   b - +0 robe
rPois    +         Spirit   .   (no helmet)
rElec    +         Reflect  .   l - +0 cloak
rCorr    +         Harm     .   (no gloves)
MR       .....                  m - +0 pair of boots
Stlth    +++.......             (no amulet)
HPRegen  0.30/turn              e - +3 ring of evasion
MPRegen  0.11/turn              (no ring)

@: resistant, very slightly contaminated, regenerating quickly
A: no food, fangs 3, see invisible, [frail 1], unbreathing
a: Exsanguinate


You were on level 2 of the Dungeon.
You were alive.

You visited 1 branch of the dungeon, and saw 3 of its levels.

You collected 141 gold pieces.

Inventory:

Hand Weapons
 a - a +1 dagger (weapon)
Missiles
 k - a throwing net (quivered)
Armour
 b - a +0 robe (worn)
 l - a +0 cloak (worn)
 m - a +0 pair of boots (worn)
Jewellery
 e - a +3 ring of evasion (left hand)
Scrolls
 c - 3 scrolls of teleportation {unknown}
 d - 5 scrolls of identify
 g - a scroll of magic mapping {unknown}
 i - a scroll of random uselessness {unknown}
 n - 2 scrolls of remove curse
Potions
 o - a potion of flight


   Skills:
 + Level 2.7 Short Blades
 + Level 3.8 Dodging
 + Level 5.7 Stealth
 + Level 2.5 Spellcasting
 + Level 5.2 Hexes


You had 3 spell levels left.
You knew the following spells:

 Your Spells              Type           Power        Failure   Level  Hunger
a - Corona                Hex            ###....      1%          1    N/A
b - Ensorcelled Hibernat  Hex/Ice        ##....       9%          2    N/A
c - Tukima's Dance        Hex            ###.....     6%          3    N/A

Your spell library contained the following spells:

 Spells                   Type           Power        Failure   Level  Hunger
 Confusing Touch          Hex            ###.....     6%          3    N/A
 Dazzling Flash           Conj/Hex       ##....       17%         3    N/A

Dungeon Overview and Level Annotations

Branches:
Dungeon (3/15)

Altars:


Innate Abilities, Weirdness & Mutations

You do not eat.
Your natural rate of healing is unusually fast.
You have razor-sharp teeth.
You have supernaturally acute eyesight. (SInv)
You can survive without breathing.
[You are frail. (-10% HP)]


Message History

Okay, then.
Okay, then.
Blink to where?
Press: ? - help, Dir - move target cursor, p - orc priest You are very lightly contaminated with residual magic.
As you read the scroll labeled VICAOCKOU JYON, it crumbles to dust.
It was a scroll of blinking.
The orc priest casts a cantrip, but nothing happens.
Your -3 trident barely misses the orc priest.
The orc priest barely misses you.
You climb upwards.
Your summoned ally is left behind.
There is a stone staircase leading down here.
Okay, then.
Blink to where?
Press: ? - help, Dir - move target cursor
As you read the scroll of blinking, it crumbles to dust.
The orc priest stops glowing.
The orc priest mumbles some strange prayers to Beogh against you.
Beogh smites you!
You die...

#.......†.###........
#.........# ##.......
#.........## ######[#
#..........########..
#....................
#.......>.#########..
########### #......#
##......## #.######
##....@...## ##.# #
#..........# ##..# #
#..........###..## ###
#.....o........## ###..
#..........########...#
#..........#.....#..(..
##..>.....#............
##.....................
#..............†.<.....


You could see an orc priest.

Vanquished Creatures
  An orc wizard (D:3)
  A worker ant (D:3)
  6 adders
  2 worms
  A dart slug (D:2)
  8 orcs
  3 ball pythons
  9 bats
  2 giant cockroaches
  4 goblins
  5 hobgoblins
  3 frilled lizards
  2 kobolds (D:1)
  5 rats
52 creatures vanquished.

Vanquished Creatures (collateral kills)
  2 orcs (D:3)
2 creatures vanquished.

Grand Total: 54 creatures vanquished

Notes
Turn   | Place    | Note
-------+----------+-------------------------------------------
     0 | D:1      | Coldstonesans the Vampire Enchanter began the quest for the
                  | Orb.
     0 | D:1      | Reached XP level 1. HP: 13/13 MP: 3/3
   250 | D:1      | Reached XP level 2. HP: 19/19 MP: 5/5
   254 | D:1      | Learned a level 2 spell: Ensorcelled Hibernation
   858 | D:2      | Reached skill level 5 in Stealth
   858 | D:2      | Reached XP level 3. HP: 24/24 MP: 3/6
   863 | D:2      | Learned a level 3 spell: Tukima's Dance
  1306 | D:3      | Reached XP level 4. HP: 30/30 MP: 7/7
  1560 | D:3      | Reached skill level 5 in Hexes
  2055 | D:3      | Reached XP level 5. HP: 7/28 MP: 1/8
  2547 | D:2      | Killed from afar by an orc priest

Levels and vault maps discovered:
D:1:      scummos_arrival_forest, layout_basic
D:2:      layout_rooms
D:3:      layout_basic

Skill      XL: |  1  2  3  4 |
---------------+-------------+-----
Dodging        | 3 |  3.8
Stealth        | 5 |  5.7
Short Blades   | 2 |  2.7
Hexes          | 5 |  5.2
Spellcasting   | |  2.5

Action                   |  1- 3 |  4- 6 || total
-------------------------+-------+-------++-------
Melee: Dagger            |    85 |   132 ||   217
       Bite              |     3 |     6 ||     9
 Cast: Ensorcelled Hiber |    14 |    18 ||    32
       Corona            |     5 |    10 ||    15
       Tukima's Dance    |       |     7 ||     7
 Abil: Exsanguinate      |       |     1 ||     1
       Revivify          |       |     1 ||     1
  Use: Potion            |       |     4 ||     4
       Scroll            |       |     3 ||     3
 Stab: Sleeping          |    12 |     8 ||    20
       Distracted        |       |     1 ||     1
Armor: Robe              |    16 |    15 ||    31
Dodge: Dodged            |    97 |   111 ||   208

Table legend:
 A = Non-vault XP
 B = Vault XP
 C = Vault XP percentage of total XP
 D = Non-vault monster count
 E = Vault monster count
 F = Vault count percentage of total count
                 A         B        C        D         E       F
            +---------+---------+-------+---------+---------+-------
      Total |     245 |       0 |   0.0 |      54 |       0 |   0.0
            +---------+---------+-------+---------+---------+-------
        D:1 |      24 |       0 |   0.0 |      14 |       0 |   0.0
        D:2 |      49 |       0 |   0.0 |      13 |       0 |   0.0
        D:3 |     172 |       0 |   0.0 |      27 |       0 |   0.0
            +---------+---------+-------+---------+---------+-------
